[ AOE2 MATCH · #478097435 ]
UnrankedBohemians vs Sicilians
[ REPLAY ANALYSIS · EXTRACTED FROM THE RECORDED GAME ]
Feudal
11:08
Castle
14:46
Imperial
37:40
| APM avg | 17.6 |
| APM peak | 49 |
| eAPM avg | 10.8 |
| Villagers / military | 127 / 120 |
Focus
⚔️ 36.9% · 🌾 63.1%
Trade Cart ×110 · Bombard Cannon ×73 · Battering Ram ×26 · Skirmisher ×10 · Monk ×6 · Scorpion ×5
Feudal
13:15
Castle
29:54
Imperial
49:26
| APM avg | 25.2 |
| APM peak | 87 |
| eAPM avg | 15.4 |
| Villagers / military | 136 / 446 |
Focus
⚔️ 33.5% · 🌾 66.5%
Spearman ×379 · Serjeant ×61 · Mangonel ×6
Feudal
13:36
Castle
30:52
Imperial
48:11
| APM avg | 10.0 |
| APM peak | 38 |
| eAPM avg | 5.7 |
| Villagers / military | 51 / 113 |
Focus
⚔️ 46.4% · 🌾 53.6%
Cavalry Archer ×44 · Spearman ×28 · Tarkan ×23 · Scout Cavalry ×10 · Archer ×5 · Militia ×2
Feudal
12:24
Castle
20:57
Imperial
31:22
| APM avg | 23.6 |
| APM peak | 58 |
| eAPM avg | 12.3 |
| Villagers / military | 100 / 274 |
Focus
⚔️ 26.6% · 🌾 73.4%
Ballista Elephant ×149 · Scorpion ×108 · Trade Cart ×24 · Trebuchet (Packed) ×13 · Scout Cavalry ×4
Feudal
10:05
Castle
19:27
Imperial
36:25
| APM avg | 29.0 |
| APM peak | 93 |
| eAPM avg | 20.9 |
| Villagers / military | 108 / 637 |
Focus
⚔️ 61.4% · 🌾 38.6%
Archer ×424 · Knight ×119 · Camel Scout ×40 · War Elephant ×33 · Skirmisher ×10 · Hand Cannoneer ×9
Feudal
—
Castle
—
Imperial
—
| APM avg | 28.5 |
| APM peak | 84 |
| eAPM avg | 16.4 |
| Villagers / military | 92 / 126 |
Focus
⚔️ 31.2% · 🌾 68.8%
Mameluke ×83 · Archer ×31 · Trade Cart ×22 · Monk ×7 · Scout Cavalry ×4 · Spearman ×1
Match map
Initial resources + every placement click. Lines = walls · curves = elevation contours. ◆ gold · ⬟ stone · ● berries · ✦ relic · ◌ wall gap
Your base· Open — opponent sealed themselves in
Boomkiller7's base· ✓ Closed at 29:54 · 12t walls · 1 gate(s)
Teufelhunden90's base· ✓ Closed at 30:52 · 0t walls · no gate
Aldran's base· Open — opponent sealed themselves in
dillon1556's base· ✓ Closed at 19:27 · 0t walls · no gate
PilotExpert9105's base· Open — opponent sealed themselves in
Smoothed initial terrain · ◌ = detected wall gap · hover for details
Inputs per minute
— FluxLithium - - Boomkiller7
Build order — FluxLithium
First 150 of 291 actions detected
| 0:00 | Create | Villager (Male) |
| 0:01 | Create | Villager (Male) |
| 0:01 | Create | Villager (Male) |
| 0:02 | Build | House |
| 0:04 | Build | House |
| 0:33 | Create | Villager (Male) |
| 1:30 | Create | Villager (Male) |
| 1:53 | Create | Villager (Male) |
| 2:13 | Build | Lumber Camp |
| 2:25 | Create | Villager (Male) |
| 2:51 | Create | Villager (Male) |
| 3:30 | Create | Villager (Male) |
| 3:41 | Build | House |
| 3:51 | Create | Villager (Male) |
| 4:09 | Create | Villager (Male) |
| 4:11 | Create | Villager (Male) |
| 4:32 | Build | Mill |
| 5:13 | Create | Villager (Male) |
| 5:13 | Create | Villager (Male) |
| 5:13 | Create | Villager (Male) |
| 5:14 | Create | Villager (Male) |
| 5:33 | Create | Villager (Male) |
| 5:39 | Build | House |
| 6:20 | Create | Villager (Male) |
| 6:20 | Create | Villager (Male) |
| 8:04 | Create | Villager (Male) |
| 8:04 | Create | Villager (Male) |
| 8:04 | Create | Villager (Male) |
| 8:25 | Create | Villager (Male) |
| 8:25 | Create | Villager (Male) |
| 8:34 | Build | House |
| 8:48 | Research | Feudal Age |
| 10:11 | Build | Mining Camp |
| 11:08 | Age | Feudal Age |
| 11:14 | Create | Villager (Male) |
| 11:14 | Create | Villager (Male) |
| 11:18 | Build | Blacksmith |
| 11:22 | Build | Market |
| 11:52 | Build | Farm |
| 12:06 | Research | Castle Age |
| 12:11 | Build | Farm |
| 12:46 | Build | House |
| 14:46 | Age | Castle Age |
| 14:52 | Build | Monastery |
| 14:55 | Create | Villager (Male) |
| 14:55 | Create | Villager (Male) |
| 14:56 | Create | Villager (Male) |
| 14:58 | Research | Loom |
| 14:59 | Create | Villager (Male) |
| 14:59 | Create | Villager (Male) |
| 15:05 | Build | Farm |
| 15:05 | Build | Farm |
| 15:06 | Build | Farm |
| 15:06 | Build | Farm |
| 15:06 | Build | Farm |
| 15:06 | Build | Farm |
| 15:07 | Build | Farm |
| 15:17 | Create | Villager (Male) |
| 15:18 | Create | Villager (Male) |
| 15:51 | Create | Monk |
| 15:51 | Create | Monk |
| 15:54 | Create | Monk |
| 15:58 | Build | Lumber Camp |
| 16:09 | Build | Farm |
| 16:12 | Create | Villager (Male) |
| 16:44 | Build | Monastery |
| 16:54 | Research | Double-Bit Axe |
| 18:56 | Create | Monk |
| 19:00 | Build | House |
| 19:01 | Create | Villager (Male) ×5 |
| 19:06 | Build | Farm |
| 19:06 | Build | Farm |
| 19:06 | Build | Farm |
| 19:07 | Build | Farm |
| 19:07 | Build | Farm |
| 19:07 | Build | Farm |
| 19:12 | Build | Town Center |
| 19:44 | Build | House |
| 19:46 | Build | House |
| 20:09 | Create | Monk |
| 20:24 | Create | Monk |
| 21:05 | Build | Farm |
| 21:07 | Build | Farm |
| 21:08 | Build | Farm |
| 21:11 | Research | Horse Collar |
| 21:12 | Research | Bow Saw |
| 21:16 | Build | Farm |
| 21:19 | Create | Villager (Male) ×5 |
| 21:23 | Build | Farm |
| 22:45 | Create | Villager (Male) ×5 |
| 22:52 | Build | Town Center |
| 24:00 | Create | Villager (Male) ×5 |
| 24:01 | Research | Wheelbarrow |
| 24:02 | Research | Town Watch |
| 24:03 | Create | Villager (Male) ×5 |
| 24:55 | Build | House |
| 25:05 | Build | Farm |
| 25:08 | Build | Farm |
| 25:23 | Build | Lumber Camp |
| 25:40 | Create | Villager (Male) ×5 |
| 25:58 | Build | Market |
| 26:13 | Build | House |
| 26:23 | Build | House |
| 26:25 | Build | House |
| 26:26 | Build | House |
| 26:27 | Build | House |
| 26:28 | Build | House |
| 26:29 | Build | House |
| 26:35 | Build | House |
| 26:55 | Build | Lumber Camp |
| 27:37 | Research | Hand Cart |
| 27:37 | Research | Town Patrol |
| 27:38 | Create | Villager (Male) ×5 |
| 27:40 | Create | Villager (Male) ×5 |
| 27:44 | Build | Market |
| 27:48 | Create | Villager (Male) ×5 |
| 28:12 | Build | Siege Workshop |
| 28:38 | Build | Barracks |
| 28:42 | Create | Villager (Male) |
| 28:42 | Create | Villager (Male) |
| 28:42 | Create | Villager (Male) |
| 28:49 | Build | Castle |
| 28:58 | Research | Caravan |
| 29:01 | Research | Coinage |
| 29:05 | Create | Trade Cart ×5 |
| 29:07 | Create | Trade Cart |
| 29:16 | Create | Villager (Male) ×5 |
| 29:20 | Build | Farm |
| 29:20 | Build | Farm |
| 29:20 | Build | Farm |
| 29:21 | Build | Farm |
| 29:25 | Build | Farm |
| 29:42 | Build | Stable |
| 29:48 | Build | Archery Range |
| 29:55 | Build | House |
| 29:56 | Build | House |
| 29:57 | Build | House |
| 29:58 | Build | House |
| 29:59 | Build | House |
| 29:59 | Build | House |
| 30:00 | Build | House |
| 30:03 | Build | House |
| 30:04 | Build | House |
| 30:04 | Build | House |
| 30:09 | Research | Heavy Plow |
| 30:12 | Build | Farm |
| 30:14 | Build | Farm |
| 30:17 | Create | Villager (Male) ×5 |
| 30:43 | Create | Battering Ram ×2 |
| 30:53 | Create | Battering Ram |
Build order — Boomkiller7
First 150 of 457 actions detected
| 0:06 | Build | House |
| 0:08 | Build | House |
| 0:17 | Create | Villager (Male) |
| 0:19 | Research | Loom |
| 0:19 | Create | Villager (Male) |
| 0:19 | Create | Villager (Male) |
| 0:19 | Create | Villager (Male) |
| 1:31 | Create | Villager (Male) |
| 2:28 | Create | Villager (Male) |
| 3:05 | Create | Villager (Male) |
| 3:29 | Create | Villager (Male) |
| 3:29 | Create | Villager (Male) |
| 3:37 | Create | Villager (Male) |
| 4:08 | Build | House |
| 4:09 | Build | House |
| 4:11 | Build | House |
| 4:22 | Create | Villager (Male) |
| 4:38 | Create | Villager (Male) |
| 4:38 | Create | Villager (Male) |
| 4:39 | Create | Villager (Male) |
| 5:10 | Build | Donjon |
| 5:17 | Build | Palisade Wall |
| 5:36 | Create | Villager (Male) |
| 5:36 | Create | Villager (Male) |
| 5:36 | Create | Villager (Male) |
| 6:28 | Build | Palisade Gate |
| 7:03 | Create | Villager (Male) |
| 7:03 | Create | Villager (Male) |
| 7:03 | Create | Villager (Male) |
| 7:04 | Create | Villager (Male) |
| 7:04 | Create | Villager (Male) |
| 7:51 | Create | Villager (Male) |
| 8:06 | Build | House |
| 8:32 | Create | Villager (Male) |
| 8:32 | Create | Villager (Male) |
| 8:42 | Build | Lumber Camp |
| 9:01 | Build | House |
| 9:50 | Create | Villager (Male) |
| 9:50 | Create | Villager (Male) |
| 9:51 | Create | Villager (Male) |
| 9:58 | Build | Mill |
| 10:28 | Build | Mining Camp |
| 11:05 | Research | Feudal Age |
| 11:20 | Build | Mining Camp |
| 11:28 | Create | Villager (Male) |
| 11:28 | Create | Villager (Male) |
| 11:43 | Build | Outpost |
| 12:27 | Build | Outpost |
| 13:15 | Age | Feudal Age |
| 13:34 | Create | Serjeant |
| 13:34 | Create | Serjeant |
| 13:35 | Create | Serjeant |
| 13:35 | Create | Serjeant |
| 13:35 | Create | Serjeant |
| 13:42 | Create | Villager (Male) |
| 13:42 | Create | Villager (Male) |
| 13:43 | Research | Town Watch |
| 13:46 | Build | Farm |
| 14:09 | Build | Donjon |
| 14:15 | Create | Serjeant |
| 14:15 | Create | Serjeant |
| 14:27 | Create | Spearman |
| 14:27 | Create | Spearman |
| 14:27 | Create | Spearman |
| 14:31 | Create | Villager (Male) |
| 14:31 | Create | Villager (Male) |
| 14:59 | Create | Villager (Male) |
| 14:59 | Create | Villager (Male) |
| 15:14 | Create | Villager (Male) |
| 15:14 | Create | Villager (Male) |
| 15:18 | Research | Horse Collar |
| 15:22 | Build | House |
| 15:24 | Build | House |
| 15:26 | Build | House |
| 15:32 | Build | Farm |
| 15:44 | Create | Serjeant |
| 15:44 | Create | Serjeant |
| 15:44 | Create | Serjeant |
| 16:08 | Create | Spearman |
| 16:09 | Create | Spearman |
| 16:09 | Create | Spearman |
| 16:09 | Create | Spearman |
| 16:09 | Create | Spearman |
| 16:22 | Create | Villager (Male) |
| 16:28 | Build | Lumber Camp |
| 17:43 | Create | Serjeant |
| 17:49 | Build | Donjon |
| 18:09 | Build | Farm |
| 18:10 | Build | Farm |
| 18:11 | Build | Farm |
| 18:14 | Build | Farm |
| 18:18 | Build | Farm |
| 18:22 | Build | Farm |
| 18:47 | Build | Donjon |
| 18:59 | Create | Serjeant |
| 18:59 | Create | Serjeant |
| 19:12 | Build | Farm |
| 19:13 | Build | Farm |
| 19:25 | Create | Villager (Male) |
| 19:26 | Create | Villager (Male) |
| 19:59 | Build | Outpost |
| 20:00 | Build | Outpost |
| 20:02 | Build | Outpost |
| 20:03 | Build | Outpost |
| 20:04 | Build | Outpost |
| 20:27 | Create | Villager (Male) |
| 20:27 | Create | Villager (Male) |
| 20:27 | Create | Villager (Male) |
| 20:28 | Create | Villager (Male) |
| 20:28 | Create | Villager (Male) |
| 20:45 | Build | Farm |
| 20:52 | Build | Farm |
| 20:56 | Build | Farm |
| 20:58 | Build | Farm |
| 21:10 | Create | Villager (Male) |
| 21:10 | Create | Villager (Male) |
| 21:43 | Create | Serjeant |
| 21:43 | Create | Serjeant |
| 21:43 | Create | Serjeant |
| 22:26 | Create | Villager (Male) |
| 22:26 | Create | Villager (Male) |
| 22:30 | Build | Farm |
| 22:32 | Build | Farm |
| 22:35 | Build | Farm |
| 22:40 | Research | Double-Bit Axe |
| 22:53 | Build | Farm |
| 23:08 | Create | Serjeant ×3 |
| 23:42 | Create | Villager (Male) |
| 23:42 | Create | Villager (Male) |
| 23:46 | Build | Farm |
| 23:50 | Build | Farm |
| 23:55 | Build | Farm |
| 24:39 | Create | Villager (Male) |
| 24:40 | Create | Villager (Male) |
| 24:40 | Create | Villager (Male) |
| 24:45 | Build | Farm |
| 24:47 | Build | Farm |
| 24:56 | Build | Blacksmith |
| 25:47 | Build | Archery Range |
| 25:55 | Build | House |
| 25:56 | Build | House |
| 25:56 | Build | House |
| 25:56 | Build | House |
| 25:57 | Build | House |
| 26:03 | Create | Villager (Male) |
| 26:04 | Create | Villager (Male) |
| 26:04 | Create | Villager (Male) |
| 26:21 | Create | Serjeant |
| 26:21 | Create | Serjeant |
| 26:21 | Create | Serjeant |
Build order — Teufelhunden90
First 150 of 215 actions detected
| 0:17 | Create | Villager (Male) |
| 0:17 | Create | Villager (Male) |
| 0:17 | Create | Villager (Male) |
| 0:40 | Build | Lumber Camp |
| 1:03 | Create | Villager (Male) |
| 2:16 | Create | Villager (Male) |
| 2:38 | Create | Villager (Male) |
| 3:26 | Create | Villager (Male) |
| 4:23 | Create | Villager (Male) |
| 4:24 | Create | Villager (Male) |
| 5:39 | Create | Villager (Male) |
| 5:40 | Create | Villager (Male) |
| 5:41 | Create | Villager (Male) |
| 5:55 | Build | Barracks |
| 7:14 | Create | Villager (Male) |
| 7:14 | Create | Villager (Male) |
| 7:14 | Create | Villager (Male) |
| 9:14 | Create | Villager (Male) |
| 10:04 | Build | Barracks |
| 11:26 | Research | Feudal Age |
| 12:02 | Build | Mining Camp |
| 12:14 | Create | Villager (Male) |
| 12:14 | Create | Villager (Male) |
| 12:15 | Create | Villager (Male) |
| 13:19 | Create | Militia |
| 13:19 | Create | Militia |
| 13:36 | Age | Feudal Age |
| 13:41 | Create | Villager (Male) |
| 13:41 | Create | Villager (Male) |
| 14:36 | Build | Mill |
| 14:47 | Create | Spearman |
| 14:47 | Create | Spearman |
| 14:48 | Create | Spearman |
| 14:48 | Create | Spearman |
| 14:48 | Create | Spearman |
| 14:49 | Create | Spearman |
| 15:23 | Research | Stone Mining |
| 16:24 | Build | Stable |
| 17:05 | Create | Villager (Male) |
| 17:05 | Create | Villager (Male) |
| 17:05 | Create | Villager (Male) |
| 18:07 | Build | Farm |
| 18:13 | Build | Farm |
| 19:21 | Build | Archery Range |
| 19:32 | Build | Farm |
| 19:41 | Create | Villager (Male) |
| 19:41 | Create | Villager (Male) |
| 19:41 | Create | Villager (Male) |
| 19:42 | Create | Villager (Male) |
| 19:42 | Create | Villager (Male) |
| 20:32 | Create | Scout Cavalry |
| 20:32 | Create | Scout Cavalry |
| 20:33 | Create | Scout Cavalry |
| 20:33 | Create | Scout Cavalry |
| 20:35 | Create | Scout Cavalry |
| 21:37 | Build | Mining Camp |
| 22:56 | Create | Scout Cavalry |
| 22:56 | Create | Scout Cavalry |
| 22:57 | Create | Scout Cavalry |
| 22:57 | Create | Scout Cavalry |
| 22:58 | Create | Scout Cavalry |
| 23:53 | Build | Farm |
| 24:02 | Build | Farm |
| 24:13 | Build | Farm |
| 24:21 | Build | Farm |
| 24:32 | Build | Farm |
| 24:35 | Research | Horse Collar |
| 24:49 | Build | Farm |
| 25:00 | Build | Farm |
| 25:23 | Build | Farm |
| 25:30 | Build | Farm |
| 25:42 | Build | Farm |
| 26:08 | Create | Archer |
| 26:08 | Create | Archer |
| 26:09 | Create | Archer |
| 26:10 | Create | Archer |
| 26:10 | Create | Archer |
| 27:20 | Build | Farm |
| 28:12 | Research | Castle Age |
| 28:32 | Create | Villager (Male) |
| 29:47 | Research | Wheelbarrow |
| 29:52 | Create | Villager (Male) |
| 29:53 | Create | Villager (Male) |
| 30:52 | Age | Castle Age |
| 31:14 | Build | Castle |
| 31:35 | Build | Monastery |
| 32:08 | Create | Cavalry Archer |
| 32:17 | Create | Cavalry Archer |
| 32:18 | Create | Cavalry Archer |
| 32:19 | Create | Cavalry Archer |
| 32:20 | Create | Cavalry Archer |
| 32:25 | Create | Spearman |
| 32:25 | Create | Spearman |
| 32:25 | Create | Spearman |
| 32:26 | Create | Spearman |
| 32:26 | Create | Spearman |
| 32:26 | Create | Spearman |
| 32:27 | Create | Spearman |
| 34:14 | Create | Villager (Male) |
| 34:15 | Create | Villager (Male) |
| 34:16 | Create | Villager (Male) |
| 34:48 | Create | Monk |
| 35:44 | Build | Stable |
| 36:01 | Research | Marauders |
| 36:04 | Create | Tarkan |
| 38:20 | Research | Gold Mining |
| 38:56 | Build | Watch Tower |
| 39:05 | Create | Tarkan |
| 39:05 | Create | Tarkan |
| 39:05 | Create | Tarkan |
| 39:05 | Create | Tarkan |
| 39:35 | Create | Villager (Male) |
| 39:35 | Create | Villager (Male) |
| 39:36 | Create | Villager (Male) |
| 39:36 | Create | Villager (Male) |
| 39:38 | Create | Villager (Male) |
| 40:02 | Create | Tarkan |
| 40:02 | Create | Tarkan |
| 40:02 | Create | Tarkan |
| 41:06 | Create | Tarkan |
| 41:06 | Create | Tarkan |
| 41:07 | Create | Tarkan |
| 41:09 | Create | Tarkan |
| 43:53 | Build | Castle |
| 44:17 | Build | Farm |
| 44:38 | Research | Bloodlines |
| 45:01 | Research | Imperial Age |
| 45:09 | Create | Villager (Male) |
| 45:09 | Create | Villager (Male) |
| 45:10 | Create | Villager (Male) |
| 45:10 | Create | Villager (Male) |
| 45:10 | Create | Villager (Male) |
| 45:10 | Create | Villager (Male) |
| 45:11 | Create | Villager (Male) |
| 45:11 | Create | Villager (Male) |
| 45:12 | Create | Villager (Male) |
| 45:57 | Create | Tarkan |
| 45:58 | Create | Tarkan |
| 45:58 | Create | Tarkan |
| 45:59 | Create | Tarkan |
| 45:59 | Create | Tarkan |
| 45:59 | Create | Tarkan |
| 47:30 | Build | Archery Range |
| 48:11 | Age | Imperial Age |
| 48:17 | Build | Stone Wall |
| 48:36 | Create | Cavalry Archer |
| 48:44 | Create | Cavalry Archer |
| 48:44 | Create | Cavalry Archer |
| 48:45 | Create | Cavalry Archer |
| 48:45 | Create | Cavalry Archer |
Build order — Aldran
First 150 of 309 actions detected
| 0:03 | Build | House |
| 0:04 | Build | House |
| 0:05 | Create | Villager (Male) |
| 0:05 | Create | Villager (Male) |
| 0:05 | Create | Villager (Male) |
| 0:06 | Create | Villager (Male) |
| 0:06 | Create | Villager (Male) |
| 1:33 | Create | Villager (Male) |
| 1:33 | Create | Villager (Male) |
| 2:08 | Create | Villager (Male) |
| 2:09 | Create | Villager (Male) |
| 2:23 | Create | Villager (Male) |
| 2:23 | Create | Villager (Male) |
| 2:53 | Create | Villager (Male) |
| 2:53 | Create | Villager (Male) |
| 3:09 | Build | Lumber Camp |
| 3:13 | Create | Villager (Male) |
| 3:32 | Build | House |
| 3:34 | Build | House |
| 3:36 | Build | House |
| 3:45 | Create | Villager (Male) |
| 4:12 | Create | Villager (Male) |
| 4:12 | Create | Villager (Male) |
| 4:46 | Create | Villager (Male) |
| 4:47 | Create | Villager (Male) |
| 5:26 | Create | Villager (Male) |
| 5:27 | Create | Villager (Male) |
| 5:58 | Create | Villager (Male) |
| 6:17 | Build | Mill |
| 6:24 | Create | Villager (Male) |
| 6:24 | Create | Villager (Male) |
| 6:24 | Create | Villager (Male) |
| 6:25 | Create | Villager (Male) |
| 7:40 | Create | Villager (Male) |
| 7:41 | Create | Villager (Male) |
| 8:32 | Create | Villager (Male) |
| 8:57 | Create | Villager (Male) |
| 8:57 | Create | Villager (Male) |
| 9:01 | Research | Loom |
| 9:16 | Build | Farm |
| 9:17 | Build | Farm |
| 9:18 | Build | Farm |
| 9:21 | Build | Farm |
| 9:22 | Build | Farm |
| 9:24 | Build | Farm |
| 9:29 | Build | Mining Camp |
| 9:59 | Build | House |
| 9:59 | Build | House |
| 10:00 | Build | House |
| 10:14 | Research | Feudal Age |
| 10:28 | Build | House |
| 11:32 | Build | House |
| 11:32 | Build | House |
| 11:50 | Create | Villager (Male) |
| 11:50 | Create | Villager (Male) |
| 12:24 | Age | Feudal Age |
| 12:29 | Build | Stable |
| 12:32 | Research | Horse Collar |
| 12:34 | Research | Double-Bit Axe |
| 12:36 | Research | Wheelbarrow |
| 12:38 | Create | Villager (Male) |
| 12:38 | Create | Villager (Male) |
| 12:45 | Build | Farm |
| 12:47 | Build | Farm |
| 12:48 | Build | Farm |
| 13:17 | Create | Scout Cavalry |
| 13:17 | Create | Scout Cavalry |
| 13:31 | Build | Blacksmith |
| 13:57 | Research | Bloodlines |
| 14:21 | Create | Scout Cavalry |
| 14:31 | Build | Farm |
| 14:34 | Build | Farm |
| 14:37 | Build | Farm |
| 14:43 | Create | Scout Cavalry |
| 15:10 | Create | Villager (Male) |
| 15:11 | Create | Villager (Male) |
| 15:17 | Research | Gold Mining |
| 15:27 | Build | Farm |
| 15:28 | Build | Farm |
| 15:29 | Build | Farm |
| 15:36 | Build | Farm |
| 16:11 | Create | Villager (Male) |
| 16:11 | Create | Villager (Male) |
| 16:24 | Build | Farm |
| 16:40 | Create | Villager (Male) |
| 16:49 | Create | Villager (Male) |
| 17:01 | Build | Mining Camp |
| 17:05 | Research | Stone Mining |
| 18:14 | Build | Farm |
| 18:17 | Research | Castle Age |
| 18:20 | Build | Farm |
| 19:57 | Build | Farm |
| 20:57 | Age | Castle Age |
| 21:00 | Build | Town Center |
| 21:28 | Build | Town Center |
| 21:42 | Create | Villager (Male) |
| 21:42 | Create | Villager (Male) |
| 21:43 | Create | Villager (Male) |
| 21:43 | Create | Villager (Male) |
| 21:43 | Create | Villager (Male) |
| 21:48 | Research | Stone Shaft Mining |
| 21:49 | Create | Villager (Male) |
| 21:49 | Create | Villager (Male) |
| 21:49 | Create | Villager (Male) |
| 21:50 | Create | Villager (Male) |
| 21:50 | Create | Villager (Male) |
| 21:53 | Research | Heavy Plow |
| 21:54 | Research | Bow Saw |
| 23:06 | Research | Gold Shaft Mining |
| 23:13 | Create | Villager (Male) |
| 23:26 | Build | Castle |
| 23:35 | Create | Villager (Male) |
| 23:36 | Create | Villager (Male) |
| 23:36 | Create | Villager (Male) |
| 23:36 | Create | Villager (Male) |
| 23:42 | Create | Villager (Male) |
| 23:42 | Create | Villager (Male) |
| 23:46 | Create | Villager (Male) |
| 23:46 | Create | Villager (Male) |
| 23:51 | Create | Villager (Male) |
| 23:53 | Research | Town Watch |
| 24:18 | Build | Market |
| 24:49 | Build | Farm |
| 24:51 | Create | Villager (Male) |
| 24:51 | Create | Villager (Male) |
| 24:51 | Create | Villager (Male) |
| 24:52 | Create | Villager (Male) |
| 24:55 | Create | Villager (Male) |
| 24:55 | Create | Villager (Male) |
| 25:07 | Create | Villager (Male) |
| 25:08 | Create | Villager (Male) |
| 25:09 | Create | Villager (Male) |
| 25:12 | Create | Villager (Male) |
| 25:12 | Create | Villager (Male) |
| 25:18 | Create | Ballista Elephant ×4 |
| 25:36 | Build | Farm |
| 25:37 | Build | Farm |
| 25:38 | Build | Farm |
| 25:40 | Build | Farm |
| 25:59 | Build | Farm |
| 26:05 | Build | Farm |
| 26:07 | Create | Villager (Male) |
| 26:07 | Create | Villager (Male) |
| 26:12 | Create | Villager (Male) |
| 26:23 | Build | Farm |
| 26:26 | Build | Farm |
| 26:33 | Create | Villager (Male) |
| 26:36 | Create | Villager (Male) |
| 26:38 | Build | Farm |
| 27:03 | Create | Villager (Male) |
Build order — dillon1556
First 150 of 929 actions detected
| 0:01 | Create | Villager (Male) |
| 0:01 | Create | Villager (Male) |
| 0:01 | Create | Villager (Male) |
| 0:04 | Build | House |
| 0:05 | Build | House |
| 0:21 | Create | Villager (Male) |
| 0:21 | Create | Villager (Male) |
| 1:36 | Create | Villager (Male) |
| 2:05 | Create | Villager (Male) |
| 2:15 | Build | House |
| 2:26 | Build | Lumber Camp |
| 2:51 | Create | Villager (Male) |
| 2:52 | Create | Villager (Male) |
| 2:52 | Create | Villager (Male) |
| 3:32 | Create | Villager (Male) |
| 4:11 | Create | Villager (Male) |
| 4:12 | Create | Villager (Male) |
| 5:10 | Create | Villager (Male) |
| 5:23 | Create | Villager (Male) |
| 5:28 | Build | House |
| 5:54 | Create | Villager (Male) |
| 5:56 | Create | Villager (Male) |
| 6:25 | Create | Villager (Male) |
| 6:25 | Create | Villager (Male) |
| 6:34 | Build | Mill |
| 7:36 | Create | Villager (Male) |
| 7:40 | Research | Feudal Age |
| 8:13 | Build | House |
| 9:52 | Create | Villager (Male) |
| 9:53 | Create | Villager (Male) |
| 10:05 | Age | Feudal Age |
| 10:29 | Create | Villager (Male) |
| 10:29 | Create | Villager (Male) |
| 11:14 | Build | Mining Camp |
| 11:39 | Create | Villager (Male) |
| 11:40 | Create | Villager (Male) |
| 11:40 | Create | Villager (Male) |
| 12:20 | Research | Wheelbarrow |
| 12:21 | Create | Villager (Male) |
| 12:47 | Build | House |
| 13:23 | Create | Villager (Male) |
| 13:31 | Build | Barracks |
| 13:50 | Build | Farm |
| 13:51 | Build | Farm |
| 13:52 | Build | Farm |
| 13:53 | Build | Farm |
| 14:22 | Build | Farm |
| 14:45 | Create | Villager (Male) |
| 14:45 | Create | Villager (Male) |
| 14:46 | Create | Villager (Male) |
| 14:55 | Build | Farm |
| 14:58 | Build | Farm |
| 15:00 | Build | Farm |
| 15:28 | Build | Stable |
| 15:40 | Build | Farm |
| 15:41 | Build | Farm |
| 15:45 | Create | Villager (Male) |
| 15:58 | Create | Villager (Male) |
| 16:10 | Build | Archery Range |
| 16:28 | Build | House |
| 16:38 | Research | Loom |
| 16:44 | Research | Castle Age |
| 16:54 | Build | Mining Camp |
| 17:17 | Research | Stone Mining |
| 17:40 | Build | House |
| 19:27 | Age | Castle Age |
| 19:31 | Build | Town Center |
| 19:37 | Create | Villager (Male) |
| 19:38 | Create | Villager (Male) |
| 19:41 | Research | Hand Cart |
| 20:16 | Research | Gold Mining |
| 21:00 | Create | Villager (Male) |
| 21:00 | Create | Villager (Male) |
| 21:00 | Create | Villager (Male) |
| 21:17 | Build | Castle |
| 21:40 | Create | Villager (Male) |
| 21:40 | Create | Villager (Male) |
| 22:09 | Build | Castle |
| 22:26 | Create | Villager (Male) |
| 22:27 | Create | Villager (Male) |
| 22:27 | Create | Villager (Male) |
| 22:35 | Build | Farm |
| 22:39 | Research | Horse Collar |
| 23:23 | Build | Mining Camp |
| 23:25 | Create | Villager (Male) |
| 23:25 | Create | Villager (Male) |
| 23:36 | Build | Farm |
| 23:37 | Build | Farm |
| 23:50 | Build | Stone Wall |
| 23:53 | Build | Stone Wall |
| 23:56 | Build | Gate |
| 24:14 | Create | Villager (Male) |
| 24:15 | Create | Villager (Male) |
| 24:21 | Create | Villager (Male) |
| 24:21 | Create | Villager (Male) |
| 24:39 | Build | Farm |
| 24:42 | Build | Farm |
| 24:45 | Create | Villager (Male) |
| 24:46 | Create | Villager (Male) |
| 24:59 | Build | Farm |
| 25:00 | Build | Farm |
| 25:06 | Build | Farm |
| 25:18 | Create | Villager (Male) |
| 25:18 | Create | Villager (Male) |
| 25:19 | Create | Villager (Male) |
| 25:31 | Build | Market |
| 25:44 | Research | Double-Bit Axe |
| 26:04 | Build | Castle |
| 26:18 | Research | Kamandaran |
| 26:23 | Create | Villager (Male) |
| 26:42 | Research | Bow Saw |
| 26:48 | Create | Villager (Male) |
| 26:55 | Build | Farm |
| 26:55 | Build | Farm |
| 26:55 | Build | Farm |
| 26:55 | Build | Farm |
| 26:56 | Build | Farm |
| 26:56 | Build | Farm |
| 26:56 | Build | Farm |
| 27:06 | Create | Villager (Male) |
| 27:07 | Create | Villager (Male) |
| 27:19 | Create | Villager (Male) |
| 27:24 | Create | Villager (Male) |
| 27:34 | Build | Farm |
| 27:35 | Build | Farm |
| 27:35 | Build | Farm |
| 27:36 | Build | Farm |
| 27:37 | Build | Farm |
| 27:50 | Create | Villager (Male) |
| 27:51 | Create | Villager (Male) |
| 27:51 | Create | Villager (Male) |
| 28:31 | Build | Town Center |
| 28:34 | Create | Villager (Male) |
| 28:35 | Create | Villager (Male) |
| 28:36 | Create | Villager (Male) |
| 28:36 | Create | Villager (Male) |
| 28:36 | Create | Villager (Male) |
| 28:41 | Build | Farm |
| 28:43 | Research | Heavy Plow |
| 28:48 | Create | Villager (Male) |
| 28:49 | Create | Villager (Male) |
| 28:49 | Create | Villager (Male) |
| 28:59 | Build | Mining Camp |
| 29:04 | Create | Villager (Male) |
| 29:28 | Build | Archery Range |
| 29:29 | Build | Archery Range |
| 29:39 | Create | Villager (Male) |
| 29:41 | Create | Villager (Male) |
| 29:49 | Create | Villager (Male) |
| 29:49 | Create | Villager (Male) |
Build order — PilotExpert9105
First 150 of 384 actions detected
| 0:02 | Create | Villager (Male) |
| 0:03 | Create | Villager (Male) |
| 0:04 | Build | House |
| 0:06 | Build | House |
| 0:16 | Create | Villager (Male) |
| 0:17 | Create | Villager (Male) |
| 0:17 | Create | Villager (Male) |
| 1:40 | Create | Villager (Male) |
| 2:26 | Create | Villager (Male) |
| 2:39 | Create | Villager (Male) |
| 2:54 | Create | Villager (Male) |
| 3:25 | Build | House |
| 3:26 | Create | Villager (Male) |
| 3:44 | Create | Villager (Male) |
| 3:49 | Build | Mill |
| 4:01 | Create | Villager (Male) |
| 4:01 | Create | Villager (Male) |
| 4:39 | Create | Villager (Male) |
| 5:13 | Create | Villager (Male) |
| 5:40 | Create | Villager (Male) |
| 5:40 | Create | Villager (Male) |
| 5:51 | Build | House |
| 6:22 | Create | Villager (Male) |
| 7:11 | Create | Villager (Male) |
| 7:11 | Create | Villager (Male) |
| 7:11 | Create | Villager (Male) |
| 7:53 | Create | Villager (Male) |
| 8:34 | Build | House |
| 8:37 | Create | Villager (Male) |
| 8:37 | Create | Villager (Male) |
| 9:23 | Build | Mining Camp |
| 10:24 | Build | Lumber Camp |
| 10:31 | Build | Mill |
| 10:32 | Create | Villager (Male) |
| 10:32 | Create | Villager (Male) |
| 10:50 | Research | Feudal Age |
| 12:22 | Build | Barracks |
| 12:31 | Create | Villager (Male) |
| 12:31 | Create | Villager (Male) |
| 13:00 | Research | Loom |
| 13:04 | Create | Villager (Male) |
| 13:16 | Build | Stable |
| 13:20 | Create | Spearman |
| 13:36 | Create | Villager (Male) |
| 13:49 | Create | Scout Cavalry |
| 13:53 | Build | Stable |
| 14:23 | Build | Stone Wall |
| 14:27 | Build | Gate |
| 14:31 | Build | Stone Wall |
| 14:34 | Create | Scout Cavalry |
| 14:51 | Build | House |
| 14:53 | Create | Villager (Male) |
| 14:53 | Create | Villager (Male) |
| 14:59 | Build | Mining Camp |
| 15:04 | Research | Double-Bit Axe |
| 15:07 | Build | House |
| 15:18 | Create | Villager (Male) |
| 15:23 | Build | Farm |
| 15:24 | Build | Farm |
| 15:25 | Build | Farm |
| 15:27 | Build | Farm |
| 15:28 | Build | Farm |
| 15:29 | Build | Farm |
| 16:17 | Build | Farm |
| 16:20 | Build | Farm |
| 16:22 | Build | Farm |
| 16:25 | Build | Farm |
| 16:40 | Build | Farm |
| 16:42 | Create | Villager (Male) |
| 18:14 | Build | Farm |
| 18:15 | Create | Villager (Male) |
| 18:15 | Create | Villager (Male) |
| 18:55 | Build | Archery Range |
| 18:58 | Build | Farm |
| 18:59 | Create | Villager (Male) |
| 19:26 | Build | Archery Range |
| 19:27 | Create | Archer |
| 19:29 | Create | Archer |
| 19:36 | Build | Blacksmith |
| 19:37 | Create | Villager (Male) |
| 19:39 | Create | Villager (Male) |
| 19:56 | Create | Archer |
| 19:56 | Create | Archer |
| 20:16 | Build | Lumber Camp |
| 20:19 | Create | Archer |
| 20:38 | Build | Market |
| 20:42 | Build | House |
| 21:05 | Create | Archer |
| 21:05 | Create | Archer |
| 21:10 | Build | House |
| 21:20 | Build | Market |
| 21:29 | Create | Villager (Male) |
| 21:30 | Create | Villager (Male) |
| 21:39 | Build | House |
| 22:07 | Create | Archer |
| 22:07 | Create | Archer |
| 22:41 | Build | House |
| 23:16 | Build | Farm |
| 23:20 | Build | Farm |
| 23:27 | Research | Castle Age |
| 23:32 | Create | Trade Cart |
| 23:37 | Build | Market |
| 23:50 | Build | Mining Camp |
| 23:59 | Research | Fletching |
| 24:18 | Create | Archer |
| 24:18 | Create | Archer |
| 24:48 | Create | Trade Cart |
| 24:48 | Create | Trade Cart |
| 24:58 | Build | House |
| 24:59 | Build | House |
| 25:16 | Build | Lumber Camp |
| 25:21 | Create | Trade Cart |
| 25:48 | Build | Farm |
| 26:36 | Build | Castle |
| 26:57 | Build | Castle |
| 27:02 | Research | Crossbowman (upgrade) |
| 27:05 | Build | Farm |
| 27:15 | Research | Caravan |
| 27:32 | Create | Villager (Male) |
| 27:33 | Create | Villager (Male) |
| 27:33 | Create | Villager (Male) |
| 28:15 | Build | Lumber Camp |
| 28:16 | Create | Villager (Male) |
| 28:17 | Create | Villager (Male) |
| 28:44 | Build | Town Center |
| 29:31 | Create | Villager (Male) |
| 29:31 | Create | Villager (Male) |
| 30:23 | Create | Villager (Male) |
| 30:24 | Create | Villager (Male) |
| 30:35 | Build | Town Center |
| 30:45 | Create | Villager (Male) |
| 30:45 | Create | Villager (Male) |
| 30:51 | Research | Bow Saw |
| 30:53 | Create | Trade Cart |
| 30:54 | Create | Trade Cart |
| 30:55 | Create | Trade Cart |
| 31:36 | Create | Villager (Male) |
| 31:37 | Create | Villager (Male) |
| 31:55 | Create | Trade Cart |
| 31:55 | Create | Trade Cart |
| 31:56 | Create | Trade Cart |
| 31:56 | Create | Trade Cart |
| 32:32 | Build | Farm |
| 32:44 | Create | Villager (Male) |
| 32:44 | Create | Villager (Male) |
| 32:46 | Create | Villager (Male) |
| 32:46 | Create | Villager (Male) |
| 33:02 | Create | Villager (Male) |
| 33:02 | Create | Villager (Male) |
| 33:17 | Build | Farm |
Match timeline
| 5:10 | Boomkiller7 · first_building Donjon |
| 5:17 | Boomkiller7 · wall_segment Palisade Wall x12 |
| 5:55 | Teufelhunden90 · first_building Barracks |
| 10:05 | dillon1556 · age_up feudal |
| 11:08 | FluxLithium · age_up feudal |
| 12:22 | PilotExpert9105 · first_building Barracks |
| 12:24 | Aldran · age_up feudal |
| 12:29 | Aldran · first_building Stable |
| 13:15 | Boomkiller7 · age_up feudal |
| 13:16 | PilotExpert9105 · first_building Stable |
| 13:31 | dillon1556 · first_building Barracks |
| 13:36 | Teufelhunden90 · age_up feudal |
| 14:23 | PilotExpert9105 · wall_segment Stone Wall x14 |
| 14:31 | PilotExpert9105 · wall_segment Stone Wall x7 |
| 14:46 | FluxLithium · age_up castle |
| 14:52 | FluxLithium · first_building Monastery |
| 15:28 | dillon1556 · first_building Stable |
| 16:10 | dillon1556 · first_building Archery Range |
| 16:24 | Teufelhunden90 · first_building Stable |
| 18:55 | PilotExpert9105 · first_building Archery Range |
| 19:21 | Teufelhunden90 · first_building Archery Range |
| 19:27 | dillon1556 · age_up castle |
| 20:57 | Aldran · age_up castle |
| 21:17 | dillon1556 · first_building Castle |
| 23:24 | PilotExpert9105 · first_market_sell 100 food |
| 23:26 | Aldran · first_building Castle |
| 23:50 | dillon1556 · wall_segment Stone Wall x11 |
| 23:53 | dillon1556 · wall_segment Stone Wall x12 |
| 25:47 | Boomkiller7 · first_building Archery Range |
| 25:52 | FluxLithium · first_market_buy 100 stone |
| 26:13 | dillon1556 · first_market_buy 100 food |
| 26:36 | PilotExpert9105 · first_building Castle |
| 28:12 | FluxLithium · first_building Siege Workshop |
| 28:24 | PilotExpert9105 · first_market_buy 100 wood |
| 28:38 | FluxLithium · first_building Barracks |
| 28:49 | FluxLithium · first_building Castle |
| 29:42 | FluxLithium · first_building Stable |
| 29:48 | FluxLithium · first_building Archery Range |
| 29:54 | Boomkiller7 · age_up castle |
| 30:36 | Boomkiller7 · first_building Castle |
| 30:52 | Teufelhunden90 · age_up castle |
| 31:14 | Teufelhunden90 · first_building Castle |
| 31:22 | Aldran · age_up imperial |
| 31:35 | Teufelhunden90 · first_building Monastery |
| 32:01 | Aldran · first_building Monastery |
| 32:15 | dillon1556 · first_building Monastery |
| 35:09 | dillon1556 · wall_segment Stone Wall x24 |
| 35:45 | Boomkiller7 · first_building Siege Workshop |
| 36:25 | dillon1556 · age_up imperial |
| 37:40 | FluxLithium · age_up imperial |
| 37:50 | dillon1556 · first_market_sell 100 stone |
| 38:42 | Aldran · first_building Siege Workshop |
| 42:58 | Boomkiller7 · first_building Barracks |
| 44:00 | Aldran · wall_segment Stone Wall x18 |
| 47:00 | PilotExpert9105 · first_building Siege Workshop |
| 48:11 | Teufelhunden90 · age_up imperial |
| 48:17 | Teufelhunden90 · wall_segment Stone Wall x1 |
| 49:26 | Boomkiller7 · age_up imperial |
| 49:38 | PilotExpert9105 · first_building Monastery |
| 63:10 | Boomkiller7 · resign |
[ AI ANALYSIS · 1 CREDIT ]
What really happened in this match?
Wolo.gg analyzes every decision: build order, eco, micro, common mistakes by bracket. Personalized analysis on WhatsApp or Discord in 30 seconds.
Civ guide
Bohemians
Perfil
Jugador #15436706